 Dungeon Sprint DCSS version 0.27-a0-597-g524d869a0f (webtiles) character file.

Game seed: 15534925051931512548

43367 mhtbhm the Executioner (level 13, -2/145 HPs)
             Began as a Minotaur Fighter on Mar 12, 2021.
             Was the Champion of Trog.
             Killed from afar by an electric golem (31 damage)
             ... with a bolt of lightning
             ... in the Dungeon (Sprint VII: "The Pits").
             The game lasted 00:06:55 (3811 turns).

mhtbhm the Executioner (Minotaur Fighter)           Turns: 3811, Time: 00:06:56

Health: -2/145     AC: 21    Str: 29    XL:     13   Next: 90%
Magic:  12/12      EV: 12    Int: 12    God:    Trog [******]
Gold:   57         SH: 16    Dex:  9    Spells: 12/12 levels left

rFire    . . .     SeeInvis .   a - +8 broad axe of Caonitad {flame, *Contam rC+ Str+2 Int+7}
rCold    + + .     Faith    .   c - +0 kite shield
rNeg     . . .     Spirit   .   b - +3 chain mail
rPois    +         Reflect  .   (helmet restricted)
rElec    .         Harm     .   (no cloak)
rCorr    .         Rampage  .   r - +0 pair of gloves
Will     .....     NoTele   +   q - +0 pair of boots
Stlth    ..........             (no amulet)
HPRegen  0.34/turn              z - ring of poison resistance
MPRegen  0.13/turn              y - ring of protection from cold

@: berserk cooldown, slowed, very slow
A: horns 2, retaliatory headbutt
a: Renounce Religion, Berserk, Trog's Hand, Brothers in Arms


You were in the Dungeon.
You worshipped Trog.
Trog was exalted by your worship.
You visited 1 branch You collected 57 gold pieces.

Inventory:

Hand Weapons
 a - the +8 broad axe of Caonitad (weapon) {flame, *Contam rC+ Str+2 Int+7}
   (Trog gifted it to you in the Dungeon)

   It has been specially enchanted to burn those struck by it, causing extra
   injury to most foes and up to half again as much damage against particularly
   susceptible opponents.
   Big, fiery blades are also staple armaments of hydra-hunters.
   It affects your strength (+2).
   It affects your intelligence (+7).
   It protects you from cold.
   It causes magical contamination when unequipped.
 o - the +11 broad axe "Makk" {vorpal, rC- Str+4 Int+9 Dex-4}
   (Trog gifted it to you in the Dungeon)

   It inflicts extra damage upon your enemies.
   It affects your strength (+4).
   It affects your intelligence (+9).
   It affects your dexterity (-4).
   It makes you vulnerable to cold.
 s - the +8 frozen axe "Frostbite" {freezing cloud, *Noise +Fly rC+}
   (Trog gifted it to you in the Dungeon)

   It has been specially enchanted to freeze those struck by it, causing extra
   injury to most foes and up to half again as much damage against particularly
   susceptible opponents.
   It can also slow down cold-blooded creatures.
   It protects you from cold.
   It lets you fly.
   It may make noises in combat.
Armour
 b - a +3 chain mail (worn)
 c - a +0 kite shield (worn)
 q - a +0 pair of boots (worn)
 r - a +0 pair of gloves (worn)
Jewellery
 y - a ring of protection from cold (left hand)
 z - a ring of poison resistance (right hand)
Wands
 x - a wand of acid (9)
Scrolls
 j - 2 scrolls of blinking
 l - a scroll of summoning
 t - 2 scrolls of enchant weapon
 u - 6 scrolls of enchant armour
 v - 4 scrolls of fear
 w - 2 scrolls of identify
Potions
 d - 2 potions of might
 e - 6 potions of curing
 f - 9 potions of heal wounds
 g - 8 potions of haste
 h - 4 potions of magic
 i - 4 potions of berserk rage
 k - 2 potions of invisibility
 m - a potion of flight
 n - a potion of resistance
 p - a potion of mutation


   Skills:
 + Level 22.0 Fighting
 + Level 22.8 Axes
 + Level 19.1 Armour
 + Level 9.2 Dodging
 - Level 2.2 Stealth
 + Level 19.7 Shields


You had 12 spell levels left.
You didn't know any spells.
Your spell library was empty.

Dungeon Overview and Level Annotations

Branches:
Dungeon (1/1)

Altars:
Ashenzari
Cheibriados
Dithmenos
Elyvilon
Fedhas
Gozag
Hepliaklqana
Kikubaaqudgha
Makhleb
Nemelex Xobeh
Okawaru
Qazlal
Ru
Sif Muna
Trog
Uskayaw
Vehumet
Wu Jian
Xom
Yredelemnul
Zin
The Shining One
Beogh
Jiyva
Lugonu


Innate Abilities, Weirdness & Mutations

You have a pair of horns on your head.
You reflexively headbutt those who attack you in melee.


Message History

Your headbutt misses the electric golem.
The electric golem is moderately damaged.
The electric golem hurls lightning at you.
The bolt of lightning hits you!!
You slice the electric golem like a ripe choko!!!
The electric golem is heavily damaged.
You block the electric golem's attack.
The electric golem hits you but does no damage.
The electric golem closely misses you. The electric golem barely misses you.
You slash the electric golem! You burn the electric golem.
Your headbutt misses the electric golem.
The electric golem is severely damaged.
You barely miss the electric golem.
The electric golem is severely damaged.
The electric golem hurls lightning at you.
The bolt of lightning misses you.
You slice the electric golem!! You burn the electric golem.
Your headbutt misses the electric golem.
The electric golem is almost destroyed.
The electric golem blinks!
The electric golem hurls lightning at you.
The bolt of lightning hits you!!!
There is an open door here.
You feel a strong urge to attack something.
The electric golem blinks!
You are no longer berserk.
You are exhausted.
You feel yourself slow down.
There is a large open door to the Hallway of Sentries (Extremely Hard) here.
There is a large open door to the Hallway of Sentries (Extremely Hard), spattered with blood here.
You hit the electric golem.
The electric golem is almost destroyed.
The electric golem hits you! The electric golem shocks you!
The electric golem hits you! The electric golem shocks you!!
* * * LOW HITPOINT WARNING * * *
You block the electric golem's attack. The electric golem hits you.
* * * LOW HITPOINT WARNING * * *
The electric golem hurls lightning at you.
The bolt of lightning hits you!!
You die...

#+# #.# #'# #.#
#'# #.# #'#
################@#
....)...........8#
...............).#
+##############..#
#..# #..# #..#
#..# #..#


You could see an electric golem.

Vanquished Creatures
  A pandemonium lord (D)
  A royal mummy (D)
  Rupert (D)
  A titan (D)
  An iron dragon (D)
  A black draconian (D)
  A red draconian (D)
  Josephine (D)
  A rakshasa (D)
  A boulder beetle (D)
  A centaur warrior (D)
  A death yak (D)
  2 hell knights (D)
  2 sixfirhies (D)
  A swamp dragon (D)
  A bog body (D)
  2 phantasmal warriors (D)
  A necromancer (D)
  An orc knight (D)
  A deep elf pyromancer (D)
  A deep elf zephyrmancer (D)
  A manticore (D)
  An orc sorcerer (D)
  A merfolk siren (D)
  Maurice (D)
  A cane toad (D)
  2 gargoyles (D)
  An orange demon (D)
  A komodo dragon (D)
  A demonic crawler (D)
  A yaktaur (D)
  An ice devil (D)
  2 trolls (D)
  A hornet (D)
  3 blink frogs (D)
  5 dream sheep (D)
  2 snapping turtles (D)
  A flying skull (D)
  3 redbacks (D)
  A shadow (D)
  A tarantella (D)
  2 yaks (D)
  4 wraiths (D)
  An air elemental (D)
  A small abomination (D)
  A steam dragon (D)
  A water moccasin (D)
  A floating eye (D)
  A swamp drake (D)
  2 orc warriors (D)
  An ice beast (D)
  An ogre (D)
  A necrophage (D)
  A centaur (D)
  8 wolves (D)
  A crimson imp (D)
  A quasit (D)
  A jelly (D)
  2 orc priests (D)
  A gnoll shaman (D)
  2 orc wizards (D)
  2 worker ants (D)
  A mummy (D)
  4 gnolls (D)
  A river rat (D)
  A white imp (D)
  An ooze (D)
  An adder zombie (D)
  An adder simulacrum (D)
  A leopard gecko (D)
  3 orcs (D)
  2 bats (D)
  2 goblins (D)
  2 kobolds (D)
111 creatures vanquished.

Vanquished Creatures (collateral kills)
  A curse toe (D)
  A yellow draconian (D)
  A deep elf annihilator (D)
  An alligator snapping turtle (D)
  2 hell knights (D)
  A blink frog (D)
  4 yaks (D)
  An orc wizard (D)
12 creatures vanquished.

Vanquished Creatures (others)
  A lorocyproca (D)
  An orc high priest (D)
  An orc (D)
3 creatures vanquished.

Grand Total: 126 creatures vanquished

Notes
Turn   | Place    | Note
-------+----------+-------------------------------------------
     0 | D        | mhtbhm the Minotaur Fighter began the quest for the Orb.
     0 | D        | Reached XP level 1. HP: 19/19 MP: 0/0
    18 | D        | Found a bloodstained altar of Trog.
    18 | D        | Found a shimmering blue altar of Sif Muna.
    18 | D        | Found a viscous altar of Jiyva.
    18 | D        | Found a hazy altar of Hepliaklqana.
    18 | D        | Found an opulent altar of Gozag.
    19 | D        | Found a glowing golden altar of the Shining One.
    19 | D        | Found a glowing silver altar of Zin.
    19 | D        | Found a basalt altar of Yredelemnul.
    19 | D        | Found a shimmering altar of Xom.
    19 | D        | Found an ornate altar of the Wu Jian Council.
    19 | D        | Found a sacrificial altar of Ru.
    19 | D        | Found a stormy altar of Qazlal.
    19 | D        | Found an iron altar of Okawaru.
    19 | D        | Found a sparkling altar of Nemelex Xobeh.
    19 | D        | Found a burning altar of Makhleb.
    19 | D        | Found a blossoming altar of Fedhas.
    19 | D        | Found a white marble altar of Elyvilon.
    19 | D        | Found a shadowy altar of Dithmenos.
    19 | D        | Found a snail-covered altar of Cheibriados.
    21 | D        | Found a radiant altar of Vehumet.
    21 | D        | Found a corrupted altar of Lugonu.
    23 | D        | Became a worshipper of Trog the Wrathful
    66 | D        | Reached * piety under Trog
    70 | D        | Reached XP level 2. HP: 28/28 MP: 1/1
    83 | D        | Reached ** piety under Trog
    87 | D        | Reached skill level 5 in Fighting
    87 | D        | Reached skill level 5 in Armour
    87 | D        | Reached skill level 5 in Shields
    87 | D        | Reached XP level 3. HP: 36/36 MP: 2/2
   258 | D        | Noticed a necrophage
   264 | D        | Reached *** piety under Trog
   265 | D        | Killed a necrophage
   266 | D        | Reached XP level 4. HP: 43/47 MP: 3/3
   266 | D        | Reached XP level 5. HP: 48/52 MP: 4/4
   267 | D        | Noticed a centaur
   276 | D        | Killed a centaur
   276 | D        | Reached **** piety under Trog
   390 | D        | Noticed a water moccasin
   396 | D        | Killed a water moccasin
   397 | D        | Reached XP level 6. HP: 62/62 MP: 5/5
   401 | D        | Noticed an ice beast
   407 | D        | Killed an ice beast
   410 | D        | Noticed a gargoyle
   416 | D        | Killed a gargoyle
   417 | D        | Reached skill level 10 in Fighting
   417 | D        | Reached skill level 10 in Axes
   417 | D        | Reached skill level 10 in Armour
   417 | D        | Reached XP level 7. HP: 72/72 MP: 6/6
   483 | D        | Reached ***** piety under Trog
   497 | D        | Noticed a troll
   504 | D        | Killed a troll
   504 | D        | Received a gift from Trog
   505 | D        | Reached skill level 1 in Dodging
   505 | D        | Reached skill level 10 in Shields
   505 | D        | Reached XP level 8. HP: 81/81 MP: 7/7
   603 | D        | Found a hide-covered altar of Uskayaw.
   603 | D        | Found an ancient bone altar of Kikubaaqudgha.
   603 | D        | Found a broken altar of Ashenzari.
   630 | D        | Noticed a swamp dragon
   643 | D        | Killed a swamp dragon
   811 | D        | Noticed a troll
   811 | D        | Noticed an air elemental
   811 | D        | Noticed an orc sorcerer
   815 | D        | Killed an orc sorcerer
   815 | D        | Received a gift from Trog
   816 | D        | Reached skill level 1 in Stealth
   816 | D        | Reached XP level 9. HP: 59/89 MP: 8/8
   820 | D        | Killed a troll
  1038 | D        | Noticed a deep elf zephyrmancer
  1040 | D        | Noticed a sixfirhy
  1048 | D        | Killed a sixfirhy
  1051 | D        | Killed a deep elf zephyrmancer
  1052 | D        | Reached skill level 15 in Axes
  1213 | D        | Noticed a yaktaur
  1214 | D        | Noticed a cane toad
  1222 | D        | Killed a yaktaur
  1222 | D        | Reached ****** piety under Trog
  1227 | D        | Killed a cane toad
  1383 | D        | Noticed a komodo dragon
  1383 | D        | Noticed an ice devil
  1383 | D        | Noticed a phantasmal warrior
  1389 | D        | Killed a komodo dragon
  1390 | D        | Reached XP level 10. HP: 99/99 MP: 9/9
  1397 | D        | Killed a phantasmal warrior
  1397 | D        | Received a gift from Trog
  1439 | D        | Noticed a titan
  1447 | D        | Killed a titan
  1448 | D        | Reached skill level 15 in Armour
  1566 | D        | Noticed a bog body
  1576 | D        | Noticed an alligator snapping turtle
  1579 | D        | Killed a bog body
  1580 | D        | Received a gift from Trog
  1581 | D        | Reached XP level 11. HP: 108/108 MP: 10/10
  1590 | D        | Reached skill level 5 in Dodging
  1596 | D        | Killed an alligator snapping turtle
  1608 | D        | Noticed Josephine
  1608 | D        | Noticed an orc high priest
  1609 | D        | Received a gift from Trog
  1611 | D        | Noticed a sixfirhy
  1618 | D        | Killed Josephine
  1639 | D        | Killed an orc high priest
  1644 | D        | Received a gift from Trog
  2052 | D        | Noticed a phantasmal warrior
  2055 | D        | Noticed a boulder beetle
  2069 | D        | Killed a boulder beetle
  2070 | D        | Reached skill level 15 in Fighting
  2074 | D        | Killed a phantasmal warrior
  2074 | D        | Identified the +8 broad axe of Caonitad {flame, *Contam rC+
                  | Str+2 Int+7} (Trog gifted it to you in the Dungeon)
  2074 | D        | Received a gift from Trog
  2091 | D        | Reached skill level 15 in Shields
  2104 | D        | Noticed a deep elf pyromancer
  2106 | D        | Killed a deep elf pyromancer
  2111 | D        | Received a gift from Trog
  2306 | D        | Noticed a death yak
  2312 | D        | Killed a death yak
  2316 | D        | Noticed an orc knight
  2328 | D        | Killed an orc knight
  2477 | D        | Noticed a centaur warrior
  2478 | D        | Noticed a rakshasa
  2483 | D        | Killed a centaur warrior
  2484 | D        | Reached XP level 12. HP: 100/124 MP: 11/11
  2487 | D        | Received a gift from Trog
  2488 | D        | Found the +8 frozen axe "Frostbite" {freezing cloud, *Noise
                  | +Fly rC+}
  2496 | D        | Killed a rakshasa
  2636 | D        | Noticed Maurice
  2645 | D        | Received a gift from Trog
  2649 | D        | Killed Maurice
  2870 | D        | Noticed Rupert
  2870 | D        | Noticed a black draconian
  2874 | D        | Killed Rupert
  2874 | D        | Received a gift from Trog
  2883 | D        | Killed a lorocyproca
  2889 | D        | Received a gift from Trog
  2895 | D        | Killed a black draconian
  3201 | D        | Noticed a red draconian
  3203 | D        | Noticed a yellow draconian
  3207 | D        | Killed a red draconian
  3215 | D        | Received a gift from Trog
  3216 | D        | Reached XP level 13. HP: 138/138 MP: 12/12
  3216 | D        | Noticed a deep elf annihilator
  3217 | D        | Killed a yellow draconian
  3217 | D        | Noticed a curse toe
  3218 | D        | Noticed Ympauvau the pandemonium lord
  3230 | D        | Killed Ympauvau the pandemonium lord
  3230 | D        | Killed a deep elf annihilator
  3231 | D        | Killed a curse toe
  3231 | D        | Identified the +11 broad axe "Makk" {vorpal, rC- Str+4
                  | Int+9 Dex-4} (Trog gifted it to you in the Dungeon)
  3231 | D        | Received a gift from Trog
  3232 | D        | Noticed an iron dragon
  3237 | D        | Killed an iron dragon
  3464 | D        | Noticed a royal mummy
  3474 | D        | Killed a royal mummy
  3798 | D        | Noticed an electric golem
  3811 | D        | Killed from afar by an electric golem

Illustrated notes

Levels and vault maps discovered:
D:        pitsprint [storerooms_1, entrance_room_1, metal_vault_5, armoury_3,
          mini_pit_1, grid_room_1, main_hall_1, silver_pit, the_coven_3,
          the_vestibule_1, steel_vault_5, golden_pit, hallway_of_sentries,
          crystal_vault_4, iron_vault_3, final_vault]

Skill      XL: |  1  2  3  4  5  6  7  8  9 10 11 12 13 |
---------------+----------------------------------------+-----
Fighting       | 4 5 7 8 10 11 12 13 16 19 22 | 22.0
Armour         | 4 5 7 9 10 11 12 14 16 17 18 19 | 19.1
Shields        | 4 5 6 8 9 10 11 12 13 15 17 19 | 19.7
Axes           | 3 4 6 8 10 11 13 15 17 19 20 22 | 22.8
Dodging        | 1 2 3 4 6 8 9 |  9.2
Stealth        | 1 2 |  2.2

Action                   |  1- 3 |  4- 6 |  7- 9 | 10-12 | 13-15 || total
-------------------------+-------+-------+-------+-------+-------++-------
Melee: Hand axe          |    19 |    24 |    16 |       |       ||    59
       War axe           |     1 |       |    41 |    73 |       ||   115
       Headbutt          |     3 |     5 |    13 |    40 |     8 ||    69
       Broad axe         |       |       |       |   113 |    28 ||   141
Invok: Berserk           |     1 |     1 |     5 |     5 |     2 ||    14
       Brothers in Arms  |       |       |       |     3 |     1 ||     4
  Use: Potion            |       |       |     1 |     4 |     2 ||     7
       Scroll            |       |       |       |     1 |       ||     1
 Stab: Invisible         |       |       |       |     3 |       ||     3
Armor: Scale mail        |     3 |       |       |       |       ||     3
       Chain mail        |     2 |    12 |    29 |    63 |     9 ||   115
Dodge: Dodged            |     3 |     4 |    12 |    50 |     9 ||    78
Block: Kite shield       |    12 |    12 |    28 |    89 |    11 ||   152

Table legend: (Time is in decaauts)
 A = Elapsed time spent in this place.
 B = Non-inter-level travel time spent in this place.
 C = Inter-level travel time spent in this place.
 D = Time resting spent in this place.
 E = Time spent auto-exploring this place.
 F = Levels seen in this place.
 G = Mean time per level.
                   A        B        C        D        E       F      G
               +--------+--------+--------+--------+--------+-----+--------+
         Total |   3870 |   3870 |      0 |   2591 |    220 |   1 | 3870.0 |
       Dungeon |   3870 |   3870 |      0 |   2591 |    220 |   1 | 3870.0 |
               +--------+--------+--------+--------+--------+-----+--------+

Top non-repeatable levels by time:
       D: 3870 daAuts
